 Dungeon Crawl Stone Soup version 0.21.0-3-g78d12a8 (webtiles) character file.

220 komo4ek the Covert (level 5, -1/34 HPs)
             Began as an Octopode Assassin on Jan 8, 2018.
             Slain by Grinder (4 damage)
             ... on level 3 of the Dungeon.
             The game lasted 00:05:44 (2653 turns).

komo4ek the Covert (Octopode Assassin)              Turns: 2653, Time: 00:05:45

Health: -1/34      AC:  1    Str: 11    XL:     5   Next: 97%
Magic:  5/5        EV: 13    Int: 13    God:
Gold:   103        SH:  0    Dex: 14    Spells: 4/4 levels left

rFire    + . .     SeeInvis .   a - +2 dagger
rCold    x . .     Gourm    .   (no shield)
rNeg     . . .     Faith    .   (helmet restricted)
rPois    .         Spirit   .   (no amulet)
rElec    .         Reflect  .   o - ring of fire
rCorr    .         Harm     .   r - ring of stealth
MR       .....                  (no ring)
Stlth    ++++++....             (no ring)
HPRegen  0.11/turn              (no ring)
MPRegen  0.09/turn              (no ring)
                                (no ring)
                                (no ring)

@: no status effects
A: almost no armour, stealthy swim, amphibious, 8 rings, constrict 8, camouflage
1, gelatinous body 1
a: no special abilities


You were on level 3 of the Dungeon.
You were not hungry.

You visited 1 branch of the dungeon, and saw 3 of its levels.

You collected 103 gold pieces.

Inventory:

Hand Weapons
 a - a +2 dagger (weapon)
 b - a +0 blowgun
Missiles
 c - 8 poisoned needles
 d - 2 curare-tipped needles
Jewellery
 o - a ring of fire (left tentacle)
 r - a ring of stealth (right tentacle)
Scrolls
 e - 3 scrolls of enchant weapon {unknown}
 g - a scroll of immolation {unknown}
 h - 7 scrolls of identify {unknown}
 i - a scroll of magic mapping {unknown}
 l - a scroll of enchant armour {unknown}
 m - 2 scrolls of teleportation {unknown}
 n - 2 scrolls of remove curse {unknown}
 p - 2 scrolls of blinking {unknown}
Potions
 j - a potion of flight {unknown}
 k - a potion of ambrosia {unknown}
 q - a potion of agility
 s - a potion of heal wounds {unknown}
Comestibles
 f - 3 rations


   Skills:
 - Level 2.0 Fighting
 - Level 2.0 Short Blades
 - Level 2.0 Throwing
 - Level 1.0 Dodging
 * Level 9.7 Stealth


You had 4 spell levels left.
You didn't know any spells.

Dungeon Overview and Level Annotations

Branches:
Dungeon (3/15)

Altars:
Xom

Annotations:
D:3 Grinder


Innate Abilities, Weirdness & Mutations

You cannot wear most types of armour.
You are very stealthy in the water. (Stealth+)
You are amphibious.
You can wear up to eight rings at the same time.
You can use your tentacles to constrict eight enemies at once.
Your skin changes colour to match your surroundings (Stealth+).
Your rubbery body absorbs attacks. (AC +1, EV +1)


Message History

You constrict Grinder, but do no damage.
Grinder closely misses you.
You hit Grinder.
Grinder is moderately wounded.
You constrict Grinder. Grinder gestures at you.
You barely resist. You hit Grinder. You squeeze Grinder.
Grinder is moderately wounded.
You constrict Grinder. Grinder hits you!
You are too injured to fight recklessly!
You hit Grinder. Your squeeze misses Grinder.
Grinder is heavily wounded.
You constrict Grinder. You hit Grinder but do no damage. You squeeze Grinder.
Grinder is heavily wounded.
You constrict Grinder. Grinder hits you!
* * * LOW HITPOINT WARNING * * *
You writhe in agony.
You die...

#..)..#.### #)#####....
#)# #...... #.###......
#########.#........
####.......)...##.....
#...........)####.....
#...5........# #.....
#....@......#####รท....
#...........)..)......
##.............#######
###..................
#####.#..#.........
#...#####......
#..#######.....
#...............
..........#.....


You could see Grinder.

Vanquished Creatures
  A howler monkey (D:3)
  An orc priest (D:3)
  6 adders
  An ooze (D:2)
  2 dart slugs (D:1)
  5 leopard geckos
  8 orcs (D:3)
  8 bats
  5 giant cockroaches
  9 hobgoblins
  7 jackals (D:1)
  7 frilled lizards
  3 goblins (D:1)
  7 kobolds
  11 rats
81 creatures vanquished.

Notes
Turn   | Place    | Note
-------+----------+-------------------------------------------
     0 | D:1      | komo4ek the Octopode Assassin began the quest for the Orb.
     0 | D:1      | Reached XP level 1. HP: 14/14 MP: 1/1
   185 | D:1      | Reached skill level 6 in Stealth
   185 | D:1      | Reached XP level 2. HP: 15/19 MP: 2/2
   662 | D:1      | Reached XP level 3. HP: 22/24 MP: 3/3
  1049 | D:2      | Reached skill level 7 in Stealth
  1252 | D:2      | Reached XP level 4. HP: 15/29 MP: 4/4
  1802 | D:2      | Reached skill level 8 in Stealth
  2132 | D:3      | Reached XP level 5. HP: 33/34 MP: 5/5
  2141 | D:3      | Reached skill level 9 in Stealth
  2230 | D:3      | Noticed Grinder
  2604 | D:3      | Found a shimmering altar of Xom.
  2653 | D:3      | Slain by Grinder

Skill      XL: |  1  2  3  4  5 |
---------------+----------------+-----
Stealth        | 6 7 8 9 |  9.7
Fighting       | |  2.0
Short Blades   | |  2.0
Throwing       | |  2.0
Dodging        | |  1.0

Action                   |  1- 3 |  4- 6 || total
-------------------------+-------+-------++-------
Melee: Dagger            |    64 |    95 ||   159
       Constrict         |    10 |    24 ||    34
       Tentacles         |     5 |    18 ||    23
 Stab: Sleeping          |    15 |    14 ||    29
  Eat: Ration            |     1 |     1 ||     2
Armor: Skin              |     7 |     3 ||    10
Dodge: Dodged            |    33 |    33 ||    66
